AoeStats
← Juanfreelance

Lombardia

510011010Analyzed
2v2 RM · 2d ago on Sep 29, 2026· 23m 11s· 4 players
Game mode
Random Map
Map size
Medium (4 player)
Population
200
Speed
Normal
Resources
Standard
Victory
Conquest
Starting age
Dark Age
Ending age
Imperial Age
RankedLock teamsTeams togetherTeam positionsShared explorationLock speedFull tech treeHidden civsTurbo modeCheats
Victory
Defeat
🇨🇱 Persians · Chile
1510
+10
🇨🇱 Ethiopians · Chile
1363
+15
🇵🇦 Persians · Panama
1374
-13
🇺🇸 Japanese · United States
1349
-12
Diheadwarlord
7:25 Loom
9:41 Feudal Age
10:27 Double-Bit Axe
11:16 Horse Collar
14:10 Bloodlines
Juanfreelance
7:06 Loom
9:47 Feudal Age
10:32 Double-Bit Axe
10:28 Horse Collar
15:55 Scale Barding Armor
22:42 Castle Age
22:25 Bloodlines
AiM | Ogazjoker
6:06 Loom
9:01 Feudal Age
9:28 Double-Bit Axe
9:35 Horse Collar
11:07 Town Watch
14:23 Scale Barding Armor
16:21 Forging
16:39 Bloodlines
23:01 Castle Age
22:50 Gold Mining
23:32 Husbandry
24:02 Chain Barding Armor
AiM | Shuffle
6:50 Loom
9:21 Feudal Age
12:03 Fletching
22:03 Castle Age
20:47 Padded Archer Armor
22:05 Crossbowman
22:55 Forging
22:40 Bodkin Arrow
22:37 Double-Bit Axe
23:29 Bow Saw
Connection lost

Rejoining the realm…

Still unreachable

The connection could not be restored.

Session expired

The server has moved on; the page needs a fresh start.